 Dungeon Crawl Stone Soup version 0.26.1-2-gb8aa6d0cf2 (webtiles) character file.

Game seed: 3143087013444431691

3408 Gadfly the Charlatan (level 9, -10/88 HPs)
             Began as a Troll Delver on Feb 25, 2021.
             Was an Initiate of Gozag.
             Mangled by an orc warrior
             ... wielding a +0 glaive
              (20 damage)
             ... in a bailey.
             The game lasted 00:16:12 (8432 turns).

Gadfly the Charlatan (Troll Delver)                 Turns: 8432, Time: 00:16:13

Health: -10/88     AC: 17    Str: 24    XL:     9   Next: 75%
Magic:  0/8        EV: 10    Int:  6    God:    Gozag
Gold:   249        SH:  0    Dex: 12    Spells: 8/8 levels left

rFire    . . .     SeeInvis .   b - +0 short sword (venom)
rCold    . . .     Faith    .   (no shield)
rNeg     . . .     Spirit   +   i - +0 robe
rPois    .         Reflect  .   (helmet restricted)
rElec    .         Harm     .   w - +2 cloak {Stlth+}
rCorr    .         Rampage  .   (gloves unavailable)
Will     .....                  (boots unavailable)
Stlth    ++........             v - amulet of guardian spirit
HPRegen  0.64/turn              j - +4 ring of protection
MPRegen  0.11/turn              h - +4 ring of protection

@: gold aura
A: large, unfitting armour, claws 3, regeneration 1, shaggy fur 1, tough skin 3
a: Renounce Religion, Potion Petition, Call Merchant, Bribe Branch


You were in a bailey.
You worshipped Gozag.
Gozag was aware of your devotion.
You visited 2 branches of the dungeon, and saw 10 of its levels.
You also visited: Bailey.

You collected 623 gold pieces.
You spent 217 gold pieces at shops.
You paid 157 gold pieces to Gozag.

Inventory:

Hand Weapons
 a - a +2 flail of holy wrath
 b - a +0 short sword of venom (weapon)
 A - a +1 trident of freezing
Armour
 i - a +0 robe (worn)
 w - a +2 cloak of stealth (worn)
Jewellery
 h - a +4 ring of protection (right claw)
 j - a +4 ring of protection (left claw)
 k - a +4 ring of evasion
 v - an amulet of guardian spirit (around neck)
 y - a cursed -4 ring of strength {unknown}
Wands
 d - a wand of random effects (11) (quivered)
 g - a wand of digging (9)
 q - a wand of acid (2)
 t - a wand of paralysis (8)
 B - a wand of enslavement (7)
Scrolls
 c - a scroll of fog
 e - 2 scrolls of fear
 l - a scroll of enchant weapon
 n - 6 scrolls of remove curse
 s - 4 scrolls of teleportation
 C - a scroll of silence
Potions
 f - 4 potions of haste
 m - a potion of cancellation
 o - a potion of mutation
 r - a potion of attraction
 u - 5 potions of curing {unknown}
 x - 2 potions of ambrosia
 z - 2 potions of degeneration {unknown}


   Skills:
 + Level 5.3 Fighting
 + Level 5.9 Maces & Flails
 + Level 5.5 Armour
 - Level 1.5 Dodging
 - Level 2.7 Stealth
 * Level 6.6 Evocations


You had 8 spell levels left.
You didn't know any spells.
Your spell library contained the following spells:

 Spells                   Type           Power        Failure   Level
 Corona                   Hex            0%           45%         1
 Slow                     Hex            0%           58%         2
 Inner Flame              Hex/Fire       0%           83%         3
 Portal Projectile        Hex/Tloc       0%           83%         3
 Cause Fear               Hex            0%           99%         4
 Leda's Liquefaction      Hex/Erth       0%           99%         4


Dungeon Overview and Level Annotations

Branches:
Dungeon (9/15)             Temple (1/1) D:4            Lair (0/6) D:9
 Bailey (1/1)
    Orc: D:9-12

Altars:
Ashenzari
Cheibriados
Dithmenos
Elyvilon
Fedhas
Gozag
Hepliaklqana
Kikubaaqudgha
Makhleb
Nemelex Xobeh
Okawaru
Qazlal
Ru
Sif Muna
Trog
Uskayaw
Vehumet
Wu Jian
Xom
Yredelemnul
Zin
The Shining One

Shops:
D:4 *(*[?   D:5 :

Annotations:
D:3 3 runed translucent doors, ew1980's ghost, amateur BaFE


Innate Abilities, Weirdness & Mutations

You are too large for most types of armour.
You have claws for hands.
Your natural rate of healing is unusually fast.
You are covered in fur. (AC +1)
You have extremely tough skin. (AC +3)


Message History

You see here a +0 war axe.
Aiming: Corrosive Bolt
Press: ? - help, Shift-Dir - straight line, f/p - orc warrior
Aim: an orc warrior, wielding a +0 glaive and wearing a +0 scale mail (severely wounded, slow, 33% to evade)
The bolt of acid misses the orc warrior.
The bolt of acid hits the orc warrior!!
The orc warrior is splashed with acid!
You kill the orc warrior!
The orc hits you but does no damage.
The orc warrior hits you from afar with a +0 glaive.
* * * LOW HITPOINT WARNING * * *
The orc hits you with a +0 war axe!
* * * LOW HITPOINT WARNING * * *
Aiming: Corrosive Bolt
Press: ? - help, Shift-Dir - straight line, f - orc warrior
Aim: an orc warrior, wielding a +0 glaive and wearing a +0 chain mail (almost dead, covered in acid, 29% to evade)
The bolt of acid misses the orc.
The bolt of acid misses the orc warrior.
The orc warrior hits you from afar with a +0 glaive!!
You die...
Your body crumbles into a pile of gold.

#...$...#
#.......#
#.......#
#.......#
#....$..#
#...))).#
#∩..)o)∩#
#...))).#
##..o@)##
#######


You could see an orc warrior (corroded) and an orc (fast).

Vanquished Creatures
  A yak (D:9)
  A water moccasin (D:9)
  3 orc warriors
  2 sky beasts (D:6)
  2 black bears (D:9)
  A necrophage (D:9)
  3 ogres
  3 centaurs
  2 ice beasts
  A big kobold (D:9)
  3 bullfrogs
  A scorpion (D:6)
  5 wights (D:7)
  3 howler monkeys
  A bullfrog zombie (D:5)
  2 centaur zombies (D:8)
  2 jellies
  3 orc priests
  A hound (D:7)
  5 orc wizards
  A bullfrog skeleton (D:6)
  Terence (D:3)
  5 iguanas
  3 worker ants
  A hound zombie (D:6)
  A worker ant zombie (D:5)
  9 gnolls
  13 adders
  A shadow imp (D:5)
  3 white imps
  An ooze (D:3)
  2 adder skeletons
  An adder zombie (D:8)
  A dart slug (D:3)
  6 leopard geckos
  50 orcs
  A ball python (D:5)
  3 bats
  5 giant cockroaches
  12 goblins
  8 hobgoblins
  2 jackals (D:8)
  12 kobolds
  3 quokkas
  5 frilled lizards
  A jackal skeleton (D:4)
  A leopard gecko skeleton (D:4)
  A quokka skeleton (D:6)
  A quokka zombie (D:5)
  7 rats
206 creatures vanquished.

Vanquished Creatures (others)
  26 fungi (D:9)
  32 plants
58 creatures vanquished.

Grand Total: 264 creatures vanquished

Notes
Turn   | Place    | Note
-------+----------+-------------------------------------------
     0 | D:5      | Gadfly the Troll Delver began the quest for the Orb.
     0 | D:5      | Reached XP level 1. HP: 22/22 MP: 0/0
    51 | D:5      | Reached XP level 2. HP: 29/29 MP: 1/1
   185 | D:5      | Reached skill level 1 in Armour
   185 | D:5      | Reached skill level 1 in Evocations
   185 | D:5      | Reached XP level 3. HP: 36/36 MP: 2/2
   266 | D:4      | Found Seymel's Antique Armour Emporium.
   276 | D:4      | Reached XP level 4. HP: 43/44 MP: 3/3
   397 | D:2      | You fall into a shaft and drop 2 floors!
   399 | D:4      | Found Fuet's Weapon Emporium.
   480 | D:3      | Noticed Terence
   490 | D:3      | Killed Terence
   533 | D:3      | Reached skill level 2 in Evocations
   633 | D:2      | Reached XP level 5. HP: 48/50 MP: 4/4
  1286 | D:2      | Found a shimmering blue altar of Sif Muna.
  1548 | D:2      | You fall into a shaft and drop 2 floors!
  2028 | D:3      | Found a runed translucent gate.
  2028 | D:3      | Found a runed translucent gate.
  2029 | D:3      | Found a runed translucent gate.
  2030 | D:3      | Noticed ew1980's ghost (amateur BaFE)
  2609 | D:4      | Found a staircase to the Ecumenical Temple.
  2629 | Temple   | Entered the Ecumenical Temple
  2766 | D:4      | Found Vuqammyen's General Store.
  2806 | D:4      | Bought a potion of ambrosia for 112 gold pieces
  2816 | D:4      | Found Xeis Gocso's General Store.
  2954 | D:4      | Reached XP level 6. HP: 59/59 MP: 5/5
  3260 | D:4      | Found Weluraikk's Magic Scroll Shoppe.
  3438 | D:5      | Found a bloodstained altar of Trog.
  3494 | D:5      | Noticed an ice beast
  3515 | D:5      | Killed an ice beast
  3516 | D:5      | Reached skill level 3 in Evocations
  3535 | D:5      | Found Wujeroh's Book Emporium.
  3618 | D:5      | Reached XP level 7. HP: 66/67 MP: 6/6
  4129 | D:6      | Reached skill level 4 in Evocations
  4219 | D:6      | Found a sacrificial altar of Ru.
  4224 | D:6      | Found a hide-covered altar of Uskayaw.
  4227 | D:6      | Found a glowing silver altar of Zin.
  4230 | D:6      | Found a hazy altar of Hepliaklqana.
  4484 | D:5      | Reached XP level 8. HP: 25/78 MP: 3/7
  5777 | D:7      | Reached skill level 5 in Evocations
  6059 | D:7      | Reached skill level 5 in Maces & Flails
  6563 | D:8      | Reached XP level 9. HP: 84/85 MP: 8/8
  7165 | D:8      | Reached skill level 5 in Armour
  7374 | D:8      | Found an iron altar of Okawaru.
  7751 | D:4      | Bought a scroll of silence for 105 gold pieces
  7895 | D:9      | Reached skill level 6 in Evocations
  7914 | D:9      | Reached skill level 5 in Fighting
  7924 | D:9      | Found an ornate altar of the Wu Jian Council.
  7997 | D:9      | Found a flagged portal.
  8006 | D:9      | Found an opulent altar of Gozag.
  8011 | D:9      | Became a worshipper of Gozag Ym Sagoz the Greedy
  8129 | Bailey   | Entered a bailey
  8432 | Bailey   | Mangled by an orc warrior

Illustrated notes

Levels and vault maps discovered:
D:1:      psy_arrival_terrarium, layout_basic
D:2:      layout_basic, overflow_temple_1_default, minmay_misc_feat_encased
D:3:      layout_loops_corners, gammafunk_ghost_necromancy, serial_bayou_pond_b,
          kennysheep_generic_room_7, uniq_terence
D:4:      minmay_evil_eye, layout_cave_pools, minmay_temple_entry_crystal_x,
          serial_shops, shop_statue, kennysheep_little_box, shop, shop, shop,
          minmay_manual_mullet
D:5:      layout_loops_ring, marbit_many_paths, serial_shops,
          nicolae_shop_waterfront
D:6:      layout_basic, grunt_temple_overflow_cloverleaf
D:7:      layout_loops_corners, minivault_19, grunt_ministairs_6
D:8:      layout_basic, grunt_decor_resistance, chequers_mini_garden,
          okawaru_altar_gauntlet_db
D:9:      layout_basic, nicolae_gozag_cash_rules_everything_around_me,
          due_lair_maze_entry_diamond, basic_altar, enter_bailey_5
Temple:   eino_wide_crystal_templ
Bailey:   bailey_polearm_5, bailey

Skill      XL: |  1  2  3  4  5  6  7  8  9 |
---------------+----------------------------+-----
Maces & Flails | 2 3 4 5 |  5.9
Armour         | 1 2 3 4 5 |  5.5
Evocations     | 1 2 3 4 5 6 |  6.6
Fighting       | 3 4 5 |  5.3
Dodging        | |  1.5
Stealth        | |  2.7

Action                   |  1- 3 |  4- 6 |  7- 9 || total
-------------------------+-------+-------+-------++-------
Melee: Mace              |    12 |    30 |       ||    42
       Trident           |     4 |   136 |       ||   140
       Flail             |       |   125 |    55 ||   180
       Short sword       |       |       |   528 ||   528
Evoke: Wand              |       |       |     7 ||     7
  Use: Scroll            |       |     8 |     8 ||    16
       Potion            |       |     1 |     1 ||     2
 Stab: Sleeping          |       |    17 |     4 ||    21
       Distracted        |       |       |     1 ||     1
Armor: Robe              |    12 |   128 |   396 ||   536
       Skin              |       |       |    31 ||    31
Dodge: Dodged            |    10 |   193 |   377 ||   580
